[Event "Titled Tuesday Blitz August 31 2021"]
[White "Rakhmanov, Aleksandr"]
[Black "Yordanov, Nikolay Plamenov"]
[WhiteFideId "4173708"]
[BlackFideId "2907445"]
[WhiteElo "2498"]
[BlackElo "2248"]
[Result "1-0"]
[Round "01"]
[TimeControl "180+1"]
[Date "2021.08.31"]
[WhiteClock "0:00:30"]
[BlackClock "0:00:57"]

1. Nf3 Nf6 2. g3 g6 3. Bg2 Bg7 4. O-O O-O 5. d4 d6 6. Re1 Nc6 7. e4 e5 8. d5 Ne7 9. Nc3 Bg4 10. h3 Bd7 11. a4 a5 12. Bg5 h6 13. Be3 Kh7 14. Nd2 Nh5 15. Nc4 b6 16. Bd2 Qc8 17. Kh2 Qe8 18. Ra3 f5 19. exf5 gxf5 20. f4 exf4 21. gxf4 Bf6 22. Bf3 Ng7 23. Be3 Rg8 24. Bd4 Qf7 25. Ne2 Bh4 26. Rg1 Nh5 27. Bh1 Rxg1 28. Bxg1 Rg8 29. Bd4 Qg6 30. Qg1 Qf7 31. Qf1 Nxd5 32. Bf2 Bxf2 33. Qxf2 Ndf6 34. Ne3 Ne4 35. Bxe4 fxe4 36. Ra1 Qf5 37. Nxf5 Bxf5 38. Rg1 1-0


[Site "https://www.chess.com"]

[Event "Titled Tuesday Blitz August 31 2021"]
[White "Reprintsev, Alexander"]
[Black "Kovalev, Vladislav"]
[WhiteFideId "14100541"]
[BlackFideId "13504398"]
[WhiteElo "2126"]
[BlackElo "2573"]
[Result "0-1"]
[Round "01"]
[TimeControl "180+1"]
[Date "2021.08.31"]
[WhiteClock "0:00:19"]
[BlackClock "0:00:16"]

1. e4 e5 2. f4 exf4 3. Bc4 Qh4+ 4. Kf1 d5 5. Bxd5 Nf6 6. Nf3 Qh5 7. Nc3 c6 8. Bc4 Bg4 9. d3 Bd6 10. Kf2 Nbd7 11. h3 Bc5+ 12. Kf1 Ne5 13. Rh2 Nxf3 14. gxf3 Bxh3+ 15. Ke1 Bg1 16. Bxf4 Qh4+ 17. Ke2 Bxh2 18. Bxh2 Be6 19. Qg1 Bxc4 20. dxc4 O-O-O 21. Qg3 Qxg3 22. Bxg3 Nh5 23. Bh2 g5 24. a4 h6 25. b3 f5 26. Rh1 f4 27. Nd1 Rd7 28. Nf2 Ng7 29. Nd3 Ne6 30. Bg1 Nd4+ 31. Bxd4 Rxd4 32. Rh5 Kc7 33. a5 b6 34. axb6+ axb6 35. Rh1 Rh7 36. Rh5 Rd6 37. Kf2 Re6 38. Ne1 Kd6 39. Nd3 Ke7 40. Kg2 Kf6 41. Kf2 Kg6 42. Rh1 h5 43. c5 b5 44. Rg1 Kf6 45. Rh1 h4 46. Kg2 Ra7 47. Kh3 Kg6 48. Kg4 Rh7 49. Rh3 Kf6 50. Nf2 Re8 51. Nd3 Rd8 52. e5+ Kg6 53. Rh2 Rd5 54. Kh3 Kf5 55. Re2 Re7 56. b4 Rxd3 57. cxd3 Rxe5 58. Rg2 Re3 59. Rf2 Rxd3 60. Kg2 Rb3 61. Rd2 Rxb4 62. Rd6 Rb2+ 63. Kh3 Rb3 64. Rxc6 Rxf3+ 65. Kh2 Rc3 66. Rc8 Kg4 67. c6 Rc2+ 68. Kg1 Kg3 69. Kf1 h3 70. Ke1 h2 71. Rh8 Rxc6 72. Ke2 g4 0-1


[Site "https://www.chess.com"]

[Event "Titled Tuesday Blitz August 31 2021"]
[White "Richter, Nils"]
[Black "Pichot, Alan"]
[WhiteFideId "12990809"]
[BlackFideId "110973"]
[WhiteElo "2289"]
[BlackElo "2622"]
[Result "1/2-1/2"]
[Round "01"]
[TimeControl "180+1"]
[Date "2021.08.31"]
[WhiteClock "0:01:03"]
[BlackClock "0:00:28"]

1. e4 c5 2. Nf3 e6 3. b3 b6 4. Bb2 Bb7 5. Qe2 d6 6. g3 Nd7 7. Bg2 Ngf6 8. d3 Be7 9. O-O O-O 10. Nbd2 Qc7 11. e5 dxe5 12. Nxe5 Bxg2 13. Kxg2 b5 14. a4 a6 15. Rfe1 Nxe5 16. Bxe5 Qd7 17. Qf3 Qd5 18. axb5 axb5 19. Ne4 Nxe4 20. Qxe4 Qxe4+ 21. dxe4 f6 22. Bc3 Rfd8 23. Kf3 Kf7 24. Ke2 e5 25. f3 Ke6 26. g4 g6 27. Rxa8 Rxa8 28. Ra1 Rxa1 29. Bxa1 h5 30. h3 Bd6 31. c4 b4 32. Bb2 hxg4 33. fxg4 f5 34. gxf5+ gxf5 35. exf5+ Kxf5 36. Bc1 Be7 37. Be3 Ke4 38. h4 Bxh4 39. Bxc5 Bg5 40. Bxb4 Kd4 41. Bd2 Be7 42. Ba5 e4 43. Kd2 Bg5+ 44. Ke2 Be7 45. Bd2 Bf8 46. Ba5 Be7 1/2-1/2


[Site "https://www.chess.com"]

[Event "Titled Tuesday Blitz August 31 2021"]
[White "Rodriguez Hernandez, Luis Daniel"]
[Black "Yi, Richard"]
[WhiteFideId "3506770"]
[BlackFideId "2079518"]
[WhiteElo "2133"]
[BlackElo "2397"]
[Result "0-1"]
[Round "01"]
[TimeControl "180+1"]
[Date "2021.08.31"]
[WhiteClock "0:00:01"]
[BlackClock "0:00:02"]

1. e4 e5 2. Nf3 Nc6 3. Bc4 Bc5 4. b4 Bxb4 5. c3 Bd6 6. O-O Nf6 7. d4 O-O 8. Nbd2 b6 9. Bd5 Qe7 10. Nc4 Nxd5 11. exd5 e4 12. Re1 Nd8 13. Ng5 f5 14. f3 Nf7 15. fxe4 Nxg5 16. e5 Ne4 17. exd6 cxd6 18. Bf4 Qf6 19. Rxe4 fxe4 20. Bxd6 Qf2+ 21. Kh1 Ba6 22. Bg3 Qf5 23. Ne3 Qg5 24. Qe1 Rf7 25. c4 Raf8 26. h3 Rc8 27. Rc1 Qg6 28. Kh2 b5 29. Ng4 Qf5 30. c5 Qxd5 31. Ne5 Rf6 32. Qa5 Bb7 33. c6 Bxc6 34. Rc2 h6 0-1


[Site "https://www.chess.com"]

[Event "Titled Tuesday Blitz August 31 2021"]
[White "Sadhwani, Raunak"]
[Black "Mikhalsky, Vladimir"]
[WhiteFideId "35093487"]
[BlackFideId "14144352"]
[WhiteElo "2514"]
[BlackElo "2248"]
[Result "0-1"]
[Round "01"]
[TimeControl "180+1"]
[Date "2021.08.31"]
[WhiteClock "0:00:13"]
[BlackClock "0:00:08"]

1. b3 e5 2. Bb2 Nc6 3. e3 Nf6 4. Nf3 e4 5. Nd4 d5 6. Nxc6 bxc6 7. d3 Bb4+ 8. Nd2 O-O 9. Be2 Bf5 10. O-O Re8 11. Rc1 Qe7 12. dxe4 Nxe4 13. Nxe4 Bxe4 14. Bf3 Ba3 15. Bxa3 Qxa3 16. Bxe4 Rxe4 17. Ra1 a5 18. Qd3 a4 19. Qc3 Qd6 20. Rad1 h6 21. g3 Ra6 22. Qd3 Ra5 23. Rd2 Qb4 24. Rfd1 Qb5 25. Qc3 Qc5 26. Qb2 Qb6 27. Kg2 Qa6 28. b4 Rb5 29. a3 Rb8 30. Rd4 Rbe8 31. Qc3 Qb5 32. h4 h5 33. R1d3 g6 34. f3 Rxd4 35. Qxd4 Re6 36. Kf2 Qb6 37. Rc3 Kf8 38. Qh8+ Ke7 39. Rc5 Qa6 40. b5 Qa5 41. Qd4 cxb5 42. Rxd5 Rd6 43. Qe5+ Kd7 44. g4 hxg4 45. fxg4 Rxd5 46. Qxd5+ Ke7 47. Qe5+ Kf8 48. Qh8+ Ke7 49. Qd4 c6 50. Qc5+ Kd7 51. Qd4+ Ke7 52. h5 gxh5 53. gxh5 Qc7 54. Qh4+ Kf8 55. h6 Qd6 56. Ke2 Kg8 57. Qg5+ Qg6 58. Qc5 Kh7 59. Kf3 Qxh6 60. e4 Qe6 61. Kf4 Kg6 62. Qg5+ Kh7 63. Qh5+ Qh6+ 64. Qxh6+ Kxh6 65. Ke5 Kg5 66. Kd4 Kf4 67. Kc5 Kxe4 68. Kxc6 f5 69. Kxb5 f4 70. c4 f3 71. c5 f2 72. Kb6 f1=Q 73. c6 Qb1+ 74. Ka7 Kd5 75. c7 Qc2 76. Kb8 Qh2 77. Ka8 Qh8+ 78. Kb7 Qg7 79. Ka8 Qf8+ 80. Kb7 Qe7 81. Ka8 Qe8+ 82. Kb7 Qb5+ 83. Ka8 Qa6+ 84. Kb8 Qb6+ 85. Ka8 Qa5+ 86. Kb8 Qa6 87. c8=Q Qxc8+ 88. Kxc8 Kc4 89. Kc7 Kb3 90. Kc6 Kxa3 91. Kc5 Kb2 92. Kd4 a3 93. Kd3 a2 94. Kd2 a1=Q 0-1


[Site "https://www.chess.com"]

[Event "Titled Tuesday Blitz August 31 2021"]
[White "Salinas Herrera, Pablo"]
[Black "LEGENYA1998"]
[WhiteFideId "3407128"]
[WhiteElo "2541"]
[BlackElo "2405"]
[Result "0-1"]
[Round "01"]
[TimeControl "180+1"]
[Date "2021.08.31"]
[WhiteClock "0:01:07"]
[BlackClock "0:00:15"]

1. e4 d5 2. exd5 Qxd5 3. Nc3 Qa5 4. g3 c6 5. Bg2 Bf5 6. Nge2 Nf6 7. O-O e6 8. a3 Qc7 9. b4 Bd6 10. b5 c5 11. a4 Nbd7 12. d3 O-O 13. Re1 Rad8 14. Bd2 b6 15. a5 bxa5 16. Ne4 Bxe4 17. dxe4 Be5 18. Rxa5 Nb6 19. Ra3 Nc4 20. Rd3 Nb2 21. Qb1 Nxd3 22. cxd3 c4 23. Rc1 Rxd3 24. Be3 Rfd8 25. b6 axb6 26. Bxb6 Qd7 27. Bxd8 Qxd8 28. Qc2 c3 29. Qb3 Rd2 30. Nxc3 Ng4 31. Nd1 Bd4 32. Qa4 h5 33. Kh1 Rxd1+ 34. Rxd1 Nxf2+ 35. Kg1 Nxd1+ 36. Kf1 Ne3+ 37. Kg1 Nxg2+ 38. Kxg2 g6 39. h4 Kg7 40. Qc4 Qf6 41. Qe2 Qe5 42. Qf3 f5 43. exf5 Qxf5 44. Qb7+ Kh6 45. Qb8 Bg7 46. Qc7 e5 47. Qc1+ Kh7 48. Qe3 e4 49. Qa7 Qf3+ 50. Kh2 e3 51. g4 hxg4 52. h5 g3+ 53. Kh3 g2+ 54. Kh2 Qxh5+ 55. Kxg2 e2 56. Qe7 Qg4+ 57. Kh2 Qf4+ 58. Kh3 Qf1+ 59. Kg4 e1=Q 60. Qxg7+ Kxg7 61. Kg5 Qf5# 0-1


[Site "https://www.chess.com"]

[Event "Titled Tuesday Blitz August 31 2021"]
[White "Seemann, Jakub"]
[Black "Indjic, Aleksandar"]
[WhiteFideId "21874697"]
[BlackFideId "911925"]
[WhiteElo "1805"]
[BlackElo "2643"]
[Result "0-1"]
[Round "01"]
[TimeControl "180+1"]
[Date "2021.08.31"]
[WhiteClock "0:00:04"]
[BlackClock "0:00:58"]

1. Nf3 d5 2. g3 Nc6 3. d4 Bf5 4. Bg2 Nb4 5. Na3 e6 6. c3 Nc6 7. Nc2 h6 8. O-O Nf6 9. b3 Be7 10. Bb2 O-O 11. c4 a5 12. cxd5 exd5 13. Ne5 Nb4 14. Ne3 Be4 15. Bxe4 Nxe4 16. a3 Na6 17. Nf5 c6 18. Nxe7+ Qxe7 19. Re1 Rfe8 20. Qc2 Nd6 21. Rad1 Nc7 22. e3 f6 23. Nd3 Ne6 24. Kg2 Ng5 25. Nf4 Ne6 26. Nd3 Qf7 27. a4 Ng5 28. Nf4 Ne6 29. Nd3 Ne4 30. f3 Nd6 31. e4 dxe4 32. fxe4 Ng5 33. Nf2 Ndxe4 34. Nxe4 Rxe4 35. Rxe4 Qd5 36. Re1 Re8 37. Qc4 Rxe4 38. Rxe4 Nxe4 39. Qxd5+ cxd5 40. Bc1 Kf7 41. Kf3 Ke6 42. Ke3 h5 43. Ba3 g5 44. b4 axb4 45. Bxb4 Nd6 46. Kd3 Nc4 47. Bc3 Kf5 48. h3 Nd6 49. Ke3 Ne4 50. Be1 Ke6 51. g4 hxg4 52. hxg4 Kd6 53. Kd3 Kc6 54. Kc2 Nd6 55. Kb3 Nf7 56. Kb4 Nh6 57. Ka5 Nxg4 58. Bb4 Nh6 59. Be7 Ng8 60. Bd8 g4 61. Bb6 g3 62. Bc5 g2 63. Bb4 g1=Q 64. Bc5 Qe1+ 65. Bb4 Qe2 66. Bc5 Qc4 67. Bb4 b6# 0-1


[Site "https://www.chess.com"]

[Event "Titled Tuesday Blitz August 31 2021"]
[White "Semcesen, Daniel"]
[Black "Bryakin, Mikhail"]
[WhiteFideId "1706993"]
[BlackFideId "4165314"]
[WhiteElo "2505"]
[BlackElo "2336"]
[Result "1-0"]
[Round "01"]
[TimeControl "180+1"]
[Date "2021.08.31"]
[WhiteClock "0:00:07"]
[BlackClock "0:00:27"]

1. Nf3 Nf6 2. c4 g6 3. Nc3 Bg7 4. e4 d6 5. d4 O-O 6. Be2 c5 7. O-O cxd4 8. Nxd4 Nc6 9. Be3 Bd7 10. h3 Nxd4 11. Bxd4 Bc6 12. Qc2 Nd7 13. Bxg7 Kxg7 14. b4 b6 15. Rad1 Qc7 16. Nd5 Bxd5 17. exd5 a5 18. a3 axb4 19. axb4 Kg8 20. Qb2 Ra7 21. Rfe1 Ne5 22. Rc1 Rfa8 23. f4 Ra2 24. Qd4 Nd7 25. Bf1 Nf6 26. Re3 h5 27. Rce1 Kf8 28. Rxe7 Qxe7 29. Rxe7 Kxe7 30. Qxb6 Ne4 31. c5 Ra1 32. cxd6+ Kf8 33. d7 Ke7 34. d8=Q+ Rxd8 35. Qc7+ Rd7 36. Qe5+ Kd8 37. Qxa1 Nd6 38. b5 Kc7 39. Qa7+ Kd8 40. Qa8+ Ke7 41. b6 Kf6 42. Qc6 Ke7 43. Ba6 Rd8 44. b7 Ne8 45. Bb5 Nd6 46. Qc7+ 1-0


[Site "https://www.chess.com"]

[Event "Titled Tuesday Blitz August 31 2021"]
[White "Seo, Jung Min"]
[Black "Kucuksari, Kaan"]
[WhiteFideId "1734687"]
[BlackFideId "6380166"]
[WhiteElo "2486"]
[BlackElo "2300"]
[Result "1-0"]
[Round "01"]
[TimeControl "180+1"]
[Date "2021.08.31"]
[WhiteClock "0:00:28"]
[BlackClock "0:00:17"]

1. g3 c5 2. Bg2 Nc6 3. Nf3 e5 4. e4 Nf6 5. Nc3 d5 6. exd5 Nxd5 7. Nxe5 Nxe5 8. Bxd5 Bg4 9. f3 Bh3 10. Qe2 Qe7 11. f4 Nc6 12. Qxe7+ Bxe7 13. Bxc6+ bxc6 14. d3 O-O 15. Be3 Bg4 16. O-O Rab8 17. Rab1 Rfe8 18. Rfe1 h5 19. b3 h4 20. Na4 h3 21. Bxc5 Bf6 22. Bxa7 Ra8 23. Bc5 Bf3 24. Kf2 Bg2 25. a3 Red8 26. Re3 g5 27. Be7 gxf4 28. gxf4 Bd4 29. Bxd8 Rxd8 30. c3 Bxe3+ 31. Kxe3 Re8+ 32. Kd2 f6 33. Re1 Rd8 34. Nc5 Kf7 35. a4 Bd5 36. c4 Bf3 37. Re3 Bg4 38. a5 Ra8 39. b4 Kg6 40. a6 Rb8 41. a7 Ra8 42. Re7 Kf5 43. b5 cxb5 44. cxb5 Kxf4 45. b6 Bf3 46. d4 Bd5 47. Rd7 Bc6 48. Rc7 Bh1 49. b7 Bxb7 50. Rxb7 Kf3 51. Ne6 Kg2 52. Nc7 Rd8 53. a8=Q Rxa8 54. Nxa8 Kxh2 55. Rg7 f5 56. d5 f4 57. d6 f3 58. d7 f2 59. Ke2 Kh1 60. Kxf2 h2 61. Kg3 Kg1 62. Rh7 1-0


[Site "https://www.chess.com"]

[Event "Titled Tuesday Blitz August 31 2021"]
[White "Shishkov, Andrei"]
[Black "Wong, Yinn Long"]
[WhiteFideId "4500563"]
[BlackFideId "5707684"]
[WhiteElo "2322"]
[BlackElo "2016"]
[Result "0-1"]
[Round "01"]
[TimeControl "180+1"]
[Date "2021.08.31"]
[WhiteClock "0:00:07"]
[BlackClock "0:00:38"]

1. d4 Nf6 2. c4 e6 3. Nc3 Bb4 4. Qc2 Nc6 5. Nf3 d6 6. Bd2 O-O 7. a3 Bxc3 8. Bxc3 Qe7 9. e3 e5 10. dxe5 Nxe5 11. Nxe5 dxe5 12. Bd3 b6 13. O-O Bb7 14. Rfd1 Rad8 15. Rd2 c5 16. Rad1 h6 17. Bf5 g6 18. Bxg6 Rxd2 19. Rxd2 fxg6 20. Qxg6+ Qg7 21. Qxg7+ Kxg7 22. Bxe5 Kf7 23. Rd6 Ke7 24. f3 h5 25. h4 Nd7 26. Bh2 Nf6 27. Be5 Nd7 28. Bh2 Ba6 29. Rh6 Bxc4 30. Bd6+ Kf7 31. Bxf8 Nxf8 32. Rxh5 Bd3 33. Kf2 c4 34. e4 Ne6 35. Ke3 Bf1 36. g4 Nc5 37. Kd4 Nd3 38. Rf5+ Ke6 39. Kxc4 Nxb2+ 40. Kb3 Nd3 41. Rh5 Be2 42. Rh6+ Kf7 43. Rh7+ Ke6 44. Rxa7 Bxf3 45. Kc3 Nc5 46. g5 Bxe4 47. Kd4 Bf3 48. a4 Nd7 49. a5 bxa5 50. Rxa5 Bh5 51. Ke3 Ne5 52. Kf4 Nd3+ 53. Ke4 Bg6+ 54. Ke3 Ne5 55. Kf4 Nd3+ 56. Kg4 Nf2+ 57. Kf3 Nd3 58. Ra6+ Kf7 59. Ke3 Ne5 60. Kf4 Nd3+ 61. Ke3 Nc5 62. Rc6 Ne6 63. Kf3 Nd4+ 64. Kg3 Nxc6 65. h5 Bxh5 66. Kh4 Kg6 67. Kg3 Kxg5 68. Kf2 Kf4 69. Ke1 Ke3 70. Kf1 Bf3 71. Ke1 Nd4 72. Kf1 Nc2 73. Kg1 Nb4 74. Kf1 Nd3 75. Kg1 Kf4 76. Kf1 Kg3 77. Kg1 Be2 78. Kh1 Ne5 79. Kg1 Bd3 80. Kh1 Bf1 81. Kg1 Bh3 82. Kh1 Bg2+ 83. Kg1 Nf3# 0-1


[Site "https://www.chess.com"]

[Event "Titled Tuesday Blitz August 31 2021"]
[White "Sihite, Chelsie Monica Ignesias"]
[Black "Batsuren, Dambasuren"]
[WhiteFideId "7101198"]
[BlackFideId "4902920"]
[WhiteElo "2224"]
[BlackElo "2371"]
[Result "1-0"]
[Round "01"]
[TimeControl "180+1"]
[Date "2021.08.31"]
[WhiteClock "0:00:36"]
[BlackClock "0:00:09"]

1. c4 Nf6 2. g3 g6 3. Bg2 Bg7 4. Nf3 O-O 5. O-O c5 6. Nc3 Nc6 7. d3 Rb8 8. Bf4 d6 9. Rc1 a6 10. Qd2 Re8 11. Bh6 Bh8 12. h3 b5 13. b3 Bb7 14. e4 bxc4 15. dxc4 Nd4 16. Nxd4 cxd4 17. Nd5 Nd7 18. f4 e6 19. Nb4 Nc5 20. Rfe1 Qa5 21. f5 exf5 22. exf5 Bxg2 23. Kxg2 Ne4 24. Qf4 Rxb4 25. Rxe4 Qxa2+ 26. Kh1 Rbb8 27. fxg6 hxg6 28. Rf1 f6 29. Qxd6 Qxb3 30. Qd5+ Kh7 31. Rh4 Qb7 32. Bf8# 1-0


[Site "https://www.chess.com"]

[Event "Titled Tuesday Blitz August 31 2021"]
[White "Silva, Miguel Antonio Neto"]
[Black "Hansen, Eric"]
[WhiteFideId "1911929"]
[BlackFideId "2606771"]
[WhiteElo "2283"]
[BlackElo "2568"]
[Result "0-1"]
[Round "01"]
[TimeControl "180+1"]
[Date "2021.08.31"]
[WhiteClock "0:01:47"]
[BlackClock "0:02:19"]

1. e4 c5 2. Nf3 e6 3. g3 a6 4. Bg2 d6 5. O-O Nf6 6. Nc3 Nc6 7. d4 cxd4 8. Nxd4 Bd7 9. Re1 Rc8 10. Nxc6 Bxc6 11. e5 Bxg2 12. Kxg2 dxe5 13. Qxd8+ Kxd8 14. Rxe5 Bb4 15. Bd2 Ke7 16. Rd1 Rhd8 17. Ree1 Kf8 18. a3 Bxc3 19. Bxc3 Nd5 20. Ba5 b6 21. Bb4+ Kg8 22. Re2 Nf4+ 0-1


[Site "https://www.chess.com"]

[Event "Titled Tuesday Blitz August 31 2021"]
[White "Siva Mahadevan"]
[Black "Tomiello, Mateus Costamilan"]
[WhiteFideId "25043153"]
[BlackFideId "22701958"]
[WhiteElo "2203"]
[BlackElo "1975"]
[Result "1-0"]
[Round "01"]
[TimeControl "180+1"]
[Date "2021.08.31"]
[WhiteClock "0:01:43"]
[BlackClock "0:00:17"]

1. e4 e5 2. Nf3 Nc6 3. Bb5 Nf6 4. O-O Nxe4 5. Re1 Nd6 6. Nxe5 Nxe5 7. Bf1 Be7 8. Rxe5 O-O 9. d4 Ne8 10. Nc3 c6 11. d5 d6 12. Re1 Nf6 13. Bf4 Re8 14. Qd2 Bf5 15. Bc4 b5 16. Bb3 b4 17. Ne2 c5 18. Ng3 Bg6 19. Re2 Bf8 20. Rae1 Rxe2 21. Rxe2 Qc7 22. Ba4 Nd7 23. Bc6 Rb8 24. h4 h6 25. h5 Bh7 26. b3 a5 27. f3 Rd8 28. Nf1 Ne5 29. Bb5 Rb8 30. Ba4 c4 31. Ne3 c3 32. Qd4 Nd7 33. Nc4 Nf6 34. g4 Rd8 35. Bc6 Nd7 36. Kg2 Nc5 37. Qxc5 dxc5 38. Bxc7 Rc8 39. Bxa5 f5 40. Re8 Rxe8 41. Bxe8 fxg4 42. Bg6 gxf3+ 43. Kxf3 Bxg6 44. hxg6 Be7 45. d6 Bf6 46. d7 Kf8 47. d8=Q+ Bxd8 48. Bxd8 Ke8 49. Bb6 Kd7 50. Bxc5 Ke6 51. Bxb4 Kf6 52. Bxc3+ Kxg6 53. a4 h5 54. a5 Kf5 55. a6 g5 56. a7 g4+ 57. Kg2 h4 58. a8=Q h3+ 59. Kg3 1-0


[Site "https://www.chess.com"]

[Event "Titled Tuesday Blitz August 31 2021"]
[White "Sjugirov, Sanan"]
[Black "Martin Carmona, Gaston Manuel"]
[WhiteFideId "4189302"]
[BlackFideId "22284567"]
[WhiteElo "2472"]
[BlackElo "2161"]
[Result "1-0"]
[Round "01"]
[TimeControl "180+1"]
[Date "2021.08.31"]
[WhiteClock "0:00:06"]
[BlackClock "0:00:08"]

1. d4 Nf6 2. c4 g6 3. Nc3 Bg7 4. e4 d6 5. Nf3 O-O 6. Be2 e5 7. O-O exd4 8. Nxd4 Re8 9. f3 c6 10. Nc2 Na6 11. Kh1 Nc5 12. Bg5 a5 13. Qd2 Ne6 14. Be3 Qc7 15. Rad1 Rd8 16. f4 Qe7 17. f5 Nf8 18. Bg5 Re8 19. Bf3 gxf5 20. exf5 Bxf5 21. Rde1 Qd7 22. Ne3 Bg6 23. Bxc6 bxc6 24. Bxf6 Bh6 25. Qf2 Re6 26. Ng4 Bg7 27. Bxg7 Kxg7 28. Qf4 Rae8 29. Nf6 Rxe1 30. Nxd7 Rxf1+ 31. Qxf1 Nxd7 32. h3 Nc5 33. b3 Re6 34. Kh2 Rf6 35. Qd1 Nd3 36. Ne2 Nf2 37. Qd4 c5 38. Qe3 Ne4 39. Ng3 Nxg3 40. Qxg3 Re6 41. Qc3+ Kg8 42. Qxa5 Kg7 43. Qc3+ Kg8 44. a4 Re2 45. Qf3 Ra2 46. Qg3 Ra3 47. Qxd6 Rxb3 48. a5 Ra3 49. a6 Be4 50. Qd8+ Kg7 51. Qg5+ Kh8 52. Qe5+ 1-0


[Site "https://www.chess.com"]

[Event "Titled Tuesday Blitz August 31 2021"]
[White "Srihari L R"]
[Black "Pandey Srishti"]
[WhiteFideId "46617116"]
[BlackFideId "35093290"]
[WhiteElo "2121"]
[BlackElo "1816"]
[Result "1-0"]
[Round "01"]
[TimeControl "180+1"]
[Date "2021.08.31"]
[WhiteClock "0:00:55"]
[BlackClock "0:00:59"]

1. Nf3 d5 2. g3 Nf6 3. Bg2 Bf5 4. O-O e6 5. d3 h6 6. Nbd2 Be7 7. Qe1 O-O 8. e4 dxe4 9. dxe4 Bh7 10. Qe2 Nbd7 11. Rd1 e5 12. Nh4 c6 13. Nf5 Bc5 14. Nc4 Qc7 15. Be3 b5 16. Ncd6 Rfd8 17. Bxc5 Nxc5 18. Qe3 Ne6 19. Qc3 Nd4 20. Nxd4 Qxd6 21. Qxc6 exd4 22. Qxd6 Rxd6 23. e5 Rad8 24. exd6 Rxd6 25. Rd2 Be4 26. Rad1 Rc6 27. Bxe4 Nxe4 28. Rxd4 Nf6 29. c3 a6 30. Rd6 Rc4 31. Rxa6 b4 32. Ra4 1-0


[Site "https://www.chess.com"]

[Event "Titled Tuesday Blitz August 31 2021"]
[White "Starozhilov, Leonid"]
[Black "Quinones Garcia, Santiago"]
[WhiteFideId "14106752"]
[BlackFideId "4408497"]
[WhiteElo "2414"]
[BlackElo "2187"]
[Result "1-0"]
[Round "01"]
[TimeControl "180+1"]
[Date "2021.08.31"]
[WhiteClock "0:01:24"]
[BlackClock "0:00:38"]

1. Nf3 d5 2. g3 c6 3. Bg2 Bg4 4. O-O Nd7 5. d3 Ngf6 6. Nbd2 e5 7. e4 Bd6 8. Qe2 O-O 9. h3 Bh5 10. g4 Bg6 11. Nh4 Re8 12. Nf5 Bxf5 13. gxf5 h6 14. Nf3 Nh7 15. Nh2 dxe4 16. Bxe4 Ng5 17. Kg2 Be7 18. Ng4 Qc7 19. Be3 Rad8 20. Rh1 Nc5 21. f6 gxf6 22. Nxh6+ Kf8 23. Nf5 Ncxe4 24. dxe4 Kg8 25. h4 Nxe4 26. Qg4+ Ng5 27. hxg5 fxg5 28. Qh5 Bf6 29. Qh7+ Kf8 30. Qh8+ Bxh8 31. Rxh8# 1-0


[Site "https://www.chess.com"]

[Event "Titled Tuesday Blitz August 31 2021"]
[White "Stelmaszyk, Nico"]
[Black "stanyga"]
[WhiteFideId "16200462"]
[WhiteElo "2119"]
[BlackElo "2693"]
[Result "1-0"]
[Round "01"]
[TimeControl "180+1"]
[Date "2021.08.31"]
[WhiteClock "0:01:21"]
[BlackClock "0:00:59"]

1. e4 c5 2. Nf3 Nc6 3. c3 d5 4. exd5 Qxd5 5. d4 Nf6 6. Be2 c4 7. O-O Rb8 8. a4 Na5 9. Nbd2 Be6 10. Ne5 Rc8 11. Rb1 g6 12. b4 cxb3 13. Bb5+ Nd7 14. Nxb3 Nxb3 15. Bxd7+ Bxd7 16. Qxb3 Qxb3 17. Rxb3 Rc7 18. Bf4 Be6 19. Rb2 Rxc3 20. Rxb7 f6 21. Nf3 a6 22. Ra7 Kf7 23. Re1 Bc8 24. Bd6 Be6 25. d5 Bxd5 26. Bxe7 1-0


[Site "https://www.chess.com"]

[Event "Titled Tuesday Blitz August 31 2021"]
[White "Suarez Uriel, Adrian"]
[Black "Ahmadzada, Ahmad"]
[WhiteFideId "22230874"]
[BlackFideId "13413007"]
[WhiteElo "2300"]
[BlackElo "2226"]
[Result "1-0"]
[Round "01"]
[TimeControl "180+1"]
[Date "2021.08.31"]
[WhiteClock "0:01:07"]
[BlackClock "0:00:17"]

1. e4 c5 2. Ne2 Nc6 3. d4 cxd4 4. Nxd4 Qb6 5. Nb3 Nf6 6. Bd3 e6 7. Nc3 Be7 8. Bd2 O-O 9. Qe2 Nb4 10. O-O-O Nxd3+ 11. Qxd3 Qxf2 12. e5 Ng4 13. Ne4 Qb6 14. Qg3 f5 15. exf6 Nxf6 16. Bh6 Nh5 17. Qg4 Rf5 18. Rhf1 g6 19. Nc3 Nf6 20. Qe2 Bf8 21. Bxf8 Kxf8 22. g4 Rxf1 23. Rxf1 Ke7 24. g5 Ne8 25. Nd5+ 1-0


[Site "https://www.chess.com"]

[Event "Titled Tuesday Blitz August 31 2021"]
[White "Suvorov, Luca"]
[Black "Holt, Conrad"]
[WhiteFideId "12977071"]
[BlackFideId "2034387"]
[WhiteElo "2127"]
[BlackElo "2586"]
[Result "1-0"]
[Round "01"]
[TimeControl "180+1"]
[Date "2021.08.31"]
[WhiteClock "0:00:03"]
[BlackClock "0:00:04"]

1. d4 d5 2. c4 c6 3. Nc3 dxc4 4. a4 e5 5. dxe5 Qxd1+ 6. Kxd1 Nd7 7. f4 Nc5 8. e3 Bg4+ 9. Nf3 O-O-O 10. Kc2 Nd3 11. Bxd3 cxd3+ 12. Kd2 f6 13. b3 Be6 14. Nd4 Bf7 15. e6 Be8 16. Ba3 Bxa3 17. Rxa3 c5 18. Nf3 f5 19. e4 Ne7 20. Ne5 Rd6 21. exf5 Nxf5 22. g4 Nd4 23. f5 h5 24. Nb5 Nxb5 25. axb5 hxg4 26. Rxa7 Kc7 27. Nc4 Rd5 28. Ne3 Rd4 29. Rc1 Bxb5 30. Kc3 Kb6 31. Ra2 Rf8 32. Rd2 Kc6 33. Re1 Kd6 34. Nc4+ Bxc4 35. bxc4 Ke7 36. Re5 b6 37. Rxd3 Rxd3+ 38. Kxd3 Rd8+ 39. Rd5 Rd6 40. Ke4 Rd8 41. Ke5 Ke8 42. Rxd8+ Kxd8 43. Kd6 b5 44. cxb5 c4 45. b6 c3 46. b7 c2 47. b8=Q# 1-0


[Site "https://www.chess.com"]

[Event "Titled Tuesday Blitz August 31 2021"]
[White "Svane, Frederik"]
[Black "Terletsky, Oleg"]
[WhiteFideId "12923044"]
[BlackFideId "14116774"]
[WhiteElo "2459"]
[BlackElo "2073"]
[Result "1-0"]
[Round "01"]
[TimeControl "180+1"]
[Date "2021.08.31"]
[WhiteClock "0:00:51"]
[BlackClock "0:00:51"]

1. e4 e5 2. Nf3 Nc6 3. Bb5 a6 4. Ba4 Nf6 5. O-O Be7 6. d3 b5 7. Bb3 d6 8. a3 O-O 9. Nc3 Bg4 10. Be3 Nd4 11. Bxd4 exd4 12. Nd5 c5 13. Qe2 Be6 14. Nxf6+ Bxf6 15. Bxe6 fxe6 16. e5 dxe5 17. Nxe5 Qd5 18. Rae1 Bxe5 19. Qxe5 Rf6 20. Qxd5 exd5 21. Re5 Rd6 22. Rfe1 Rc8 23. g4 c4 24. Kg2 cxd3 25. cxd3 Rc2 26. R1e2 Rdc6 27. Kf3 Rf6+ 28. Kg3 Rfc6 29. h4 Rxe2 30. Rxe2 Kf7 31. Kf4 Rf6+ 32. Kg3 Rc6 33. h5 h6 34. Kf4 Rf6+ 35. Kg3 Rc6 36. f3 a5 37. Kf4 Rf6+ 38. Kg3 Rc6 39. Re5 Rd6 40. Kf4 Kf6 41. Rf5+ Ke6 42. Rf8 Rc6 43. Rb8 Rc5 44. Rb6+ Kf7 45. Ke5 b4 46. axb4 axb4 47. Kxd4 Rc2 48. Rxb4 Rf2 49. Ke5 1-0


[Site "https://www.chess.com"]

[Event "Titled Tuesday Blitz August 31 2021"]
[White "Tarigan, Gilbert Elroy"]
[Black "Karavade, Eesha"]
[WhiteFideId "7108133"]
[BlackFideId "5012600"]
[WhiteElo "1908"]
[BlackElo "2258"]
[Result "1-0"]
[Round "01"]
[TimeControl "180+1"]
[Date "2021.08.31"]
[WhiteClock "0:00:06"]
[BlackClock "0:00:07"]

1. c4 e6 2. Nc3 d5 3. d4 c6 4. c5 Nf6 5. Bg5 Be7 6. e3 b6 7. b4 a5 8. a3 Ba6 9. Bxa6 Rxa6 10. Nf3 O-O 11. O-O b5 12. Ne5 Nfd7 13. Bf4 Nxe5 14. Bxe5 Nd7 15. Bg3 Qc8 16. Qb3 a4 17. Qc2 f5 18. Ne2 Nf6 19. Bh4 Qc7 20. Nf4 Kf7 21. Nd3 Nd7 22. Bg3 Qd8 23. Bd6 Bxd6 24. cxd6 Qb8 25. Nc5 Nxc5 26. dxc5 Qd8 27. f4 Qf6 28. Rad1 Raa8 29. Qd3 Rae8 30. Qd4 e5 31. fxe5 Qxe5 32. Rf3 Ke6 33. Qh4 h6 34. h3 Kd7 35. Rdf1 Rf6 36. Qh5 Ref8 37. Qh4 Qe6 38. Qd4 R6f7 39. Kh1 g5 40. g3 h5 41. Kg2 g4 42. Rf4 gxh3+ 43. Kxh3 Rg8 44. Kg2 Rfg7 45. R4f3 Rg5 46. Qf4 R8g7 47. Qh4 R7g6 48. Kh2 Rg7 49. Qh3 Rg4 50. Qxh5 R4g5 51. Qh3 R7g6 52. Qh7+ Rg7 53. Qh8 R5g6 54. Qb8 Rh6+ 55. Kg1 Rgh7 56. Qc7+ Ke8 57. Qb8+ Kd7 58. Qb7+ Ke8 59. Qxc6+ Kf7 60. Rxf5+ Kg6 61. Rf6+ Qxf6 62. Rxf6+ Kxf6 63. d7+ 1-0


[Site "https://www.chess.com"]